TOP OF THE 1ST |
Newark Bulldogs batting - Pitching for Buffalo LightSabres : RHP Roy Jordan
|
Pitching: RHP Roy Jordan
|
|
Batting: LHB Will O'Dell
|
0-0: Ball 1-0: Swinging Strike 1-1: Ball 2-1: Foul Ball, location: 2F 2-2: Ground out 6-3 (Groundball, 6M)
|
Batting: RHB Bill Bourland
|
0-0: Ball 1-0: Ball 2-0: Foul Ball, location: 2F 2-1: Ball 3-1: Called Strike 3-2: SINGLE (Flyball, 78S)
|
Batting: LHB Carl Hayden
|
0-0: Ball 1-0: Ball 2-0: Ball 3-0: Foul Ball, location: 2F 3-1: DOUBLE (Line Drive, 7LM) Bill Bourland to third
|
Batting: RHB Jesús Solís
|
0-0: Ground out 5-3 (Groundball, 56S) Bill Bourland scores Carl Hayden to third
|
Batting: LHB Jorge Hernández
|
0-0: Hit by Pitch
|
Batting: RHB Ben Kearley
|
0-0: SINGLE (Groundball, 6MD) Carl Hayden scores Jorge Hernández to second
|
Batting: RHB Francisco Domínguez
|
0-0: Foul Ball, location: 2F 0-1: Foul Ball, location: 2F 0-2: Strikes out looking
|
Top of the 1st over - 2 runs, 3 hits, 0 errors, 2 left on base; Newark 2 - Buffalo 0 |
BOTTOM OF THE 1ST |
Buffalo LightSabres batting - Pitching for Newark Bulldogs : LHP Kent Smith
|
Pitching: LHP Kent Smith
|
|
Batting: LHB Júlio Córdova
|
0-0: TRIPLE (Line Drive, 7D)
|
Batting: RHB Júlio López
|
0-0: Ball 1-0: Foul Ball, location: 2F 1-1: SINGLE (Groundball, 56D) Júlio Córdova scores
|
Batting: RHB Augusto Padilla
|
0-0: Ball 1-0: Ball Júlio López is caught stealing 2nd base 2-0: Ball 3-0: Base on Balls
|
Batting: RHB Peter Dixon
|
0-0: Ball 1-0: Called Strike 1-1: Swinging Strike 1-2: Foul Ball, location: 2F 1-2: Ball 2-2: Foul Ball, location: 2F 2-2: Strikes out swinging
|
Batting: RHB Pat McDonald
|
0-0: Foul Ball, location: 2F 0-1: Ball 1-1: Ball 2-1: Foul Ball, location: 2F 2-2: Fielders Choice at 2nd, 6-4 (Groundball, 6)
|
Bottom of the 1st over - 1 run, 2 hits, 0 errors, 1 left on base; Newark 2 - Buffalo 1 |
TOP OF THE 2ND |
Newark Bulldogs batting - Pitching for Buffalo LightSabres : RHP Roy Jordan
|
Batting: RHB Edgardo Hernández
|
0-0: Hit by Pitch
|
Batting: RHB Lyle Jackson
|
0-0: 2-RUN HOME RUN (Flyball, 7LD), Distance : 349 ft
|
Batting: LHB Will O'Dell
|
0-0: Foul Ball, location: 2F 0-1: Fly out, F8 (Flyball, 78M)
|
Batting: RHB Bill Bourland
|
0-0: Foul Ball, location: 2F 0-1: Ball 1-1: SINGLE (Line Drive, 89S)
|
Batting: LHB Carl Hayden
|
0-0: Ball Bill Bourland is caught stealing 2nd base 1-0: Ball 2-0: Ball 3-0: Base on Balls
|
Batting: RHB Jesús Solís
|
0-0: Called Strike 0-1: Ball 1-1: Ball 2-1: Called Strike 2-2: Strikes out swinging
|
Top of the 2nd over - 2 runs, 2 hits, 0 errors, 1 left on base; Newark 4 - Buffalo 1 |
BOTTOM OF THE 2ND |
Buffalo LightSabres batting - Pitching for Newark Bulldogs : LHP Kent Smith
|
Batting: LHB Tim Griffith
|
0-0: Foul Ball, location: 2F 0-1: Swinging Strike 0-2: Ball 1-2: Ball 2-2: Strikes out looking
|
Batting: RHB Sean King
|
0-0: Called Strike 0-1: Ball 1-1: Ball 2-1: Swinging Strike 2-2: Foul Ball, location: 2F 2-2: Strikes out swinging
|
Batting: LHB Sergio Luna
|
0-0: Ball 1-0: Fly out, F9 (Flyball, 89M)
|
Bottom of the 2nd over - 0 runs, 0 hits, 0 errors, 0 left on base; Newark 4 - Buffalo 1 |
TOP OF THE 3RD |
Newark Bulldogs batting - Pitching for Buffalo LightSabres : RHP Roy Jordan
|
Batting: LHB Jorge Hernández
|
0-0: Foul Ball, location: 2F 0-1: Ball 1-1: SINGLE (Line Drive, 34)
|
Batting: RHB Ben Kearley
|
0-0: Ball 1-0: Foul Ball, location: 2F 1-1: Grounds into double play, 4-6-3 (Groundball, 4)
|
Batting: RHB Francisco Domínguez
|
0-0: Ball 1-0: Called Strike 1-1: Foul Ball, location: 2F 1-2: Ball 2-2: Ball 3-2: Foul Ball, location: 2F 3-2: Base on Balls
|
Batting: RHB Edgardo Hernández
|
0-0: Ball 1-0: Foul Ball, location: 2F 1-1: Foul Ball, location: 2F 1-2: Ball 2-2: Strikes out looking
|
Top of the 3rd over - 0 runs, 1 hit, 0 errors, 1 left on base; Newark 4 - Buffalo 1 |
BOTTOM OF THE 3RD |
Buffalo LightSabres batting - Pitching for Newark Bulldogs : LHP Kent Smith
|
Batting: LHB Emílio Montoya
|
0-0: Called Strike 0-1: Ball 1-1: Ball 2-1: Ball 3-1: Ground out 6-3 (Groundball, 6)
|
Batting: LHB Júlio Córdova
|
0-0: Called Strike 0-1: SINGLE (Line Drive, 4D)
|
Batting: RHB Júlio López
|
0-0: Ball Pickoff Throw to First - Error! E1 Júlio Córdova to second 1-0: Ground out 6-3 (Groundball, 6)
|
Batting: RHB Augusto Padilla
|
0-0: DOUBLE (Line Drive, 7LM) Júlio Córdova scores
|
Batting: RHB Peter Dixon
|
0-0: Ball 1-0: Ground out 1-3 (Groundball, 15S)
|
Bottom of the 3rd over - 1 run, 2 hits, 1 error, 1 left on base; Newark 4 - Buffalo 2 |
TOP OF THE 4TH |
Newark Bulldogs batting - Pitching for Buffalo LightSabres : RHP Roy Jordan
|
Batting: RHB Lyle Jackson
|
0-0: Ball 1-0: Ball 2-0: Ball 3-0: Called Strike 3-1: Foul Ball, location: 2F 3-2: Foul Ball, location: 2F 3-2: Ground out 4-3 (Groundball, 34)
|
Batting: LHB Will O'Dell
|
0-0: Called Strike 0-1: Ground out 4-3 (Groundball, 4)
|
Batting: RHB Bill Bourland
|
0-0: Ball 1-0: Ball 2-0: Foul Ball, location: 2F 2-1: Fly out, F7 (Flyball, 7D)
|
Top of the 4th over - 0 runs, 0 hits, 0 errors, 0 left on base; Newark 4 - Buffalo 2 |
BOTTOM OF THE 4TH |
Buffalo LightSabres batting - Pitching for Newark Bulldogs : LHP Kent Smith
|
Batting: RHB Pat McDonald
|
0-0: Ball 1-0: SINGLE (Flyball, 8RS)
|
Batting: LHB Tim Griffith
|
0-0: Foul Ball, location: 2F 0-1: SINGLE (Line Drive, 7S) Pat McDonald to second
|
Batting: RHB Sean King
|
0-0: Called Strike 0-1: Foul Ball, location: 2F 0-2: Foul Ball, location: 2F 0-2: Ball 1-2: SINGLE (Line Drive, 56D) Pat McDonald to third Tim Griffith to second Throwing error, E7 Pat McDonald scores Tim Griffith to third Sean King to second
|
Batting: LHB Sergio Luna
|
0-0: Ground out U3 (Groundball, 3)
|
Batting: LHB Emílio Montoya
|
0-0: Ball 1-0: Called Strike 1-1: Ball 2-1: Ball 3-1: Base on Balls
|
Batting: LHB Júlio Córdova
|
0-0: Fielders Choice at 2nd, 4-6 (Groundball, 4) Tim Griffith scores Sean King to third
|
Now at SS: José Casillán
|
|
Batting: RHB Júlio López
|
0-0: Swinging Strike 0-1: Fielders Choice at 2nd, 5-4 (Groundball, 56)
|
Bottom of the 4th over - 2 runs, 3 hits, 1 error, 2 left on base; Newark 4 - Buffalo 4 |
TOP OF THE 5TH |
Newark Bulldogs batting - Pitching for Buffalo LightSabres : RHP Roy Jordan
|
Batting: LHB Carl Hayden
|
0-0: Ball 1-0: Ball 2-0: Ball 3-0: Called Strike 3-1: Base on Balls
|
Batting: RHB Jesús Solís
|
0-0: Swinging Strike 0-1: Ball 1-1: Ball 2-1: Called Strike 2-2: Foul Ball, location: 2F 2-2: Strikes out swinging
|
Batting: LHB Jorge Hernández
|
0-0: Called Strike 0-1: Ball 1-1: Ball 2-1: Ball 3-1: Foul Ball, location: 2F 3-2: Base on Balls Carl Hayden to second
|
Pitching: RHP Dylan Versluis
|
|
Batting: RHB Ben Kearley
|
0-0: Called Strike 0-1: Called Strike 0-2: Foul Ball, location: 2F 0-2: Ball 1-2: Ball 2-2: Ball 3-2: Foul Ball, location: 2F 3-2: Foul Ball, location: 2F 3-2: Foul Ball, location: 2F 3-2: Foul Ball, location: 2F 3-2: Grounds into double play, 6-4-3 (Groundball, 6)
|
Top of the 5th over - 0 runs, 0 hits, 0 errors, 1 left on base; Newark 4 - Buffalo 4 |
BOTTOM OF THE 5TH |
Buffalo LightSabres batting - Pitching for Newark Bulldogs : LHP Kent Smith
|
Batting: RHB Augusto Padilla
|
0-0: SINGLE (Groundball, 25) (infield hit)
|
Batting: RHB Peter Dixon
|
0-0: Called Strike 0-1: Ball 1-1: Called Strike 1-2: Reached on error, E4 (Groundball, 4S) Augusto Padilla to second
|
Batting: RHB Pat McDonald
|
0-0: Ball 1-0: Ball 2-0: Ball 3-0: Fly out, F7 (Line Drive, 78XD) Runner from 2nd tags up, SAFE at 3rd, no throw
|
Batting: LHB Tim Griffith
|
0-0: Swinging Strike 0-1: Fielders Choice at 2nd, 4-6 (Groundball, 4) Augusto Padilla scores
|
Batting: RHB Sean King
|
0-0: Ball 1-0: Called Strike 1-1: Fielders Choice at 2nd, U6 (Groundball, 6M)
|
Bottom of the 5th over - 1 run, 1 hit, 1 error, 1 left on base; Newark 4 - Buffalo 5 |
TOP OF THE 6TH |
Newark Bulldogs batting - Pitching for Buffalo LightSabres : RHP Dylan Versluis
|
Batting: RHB Francisco Domínguez
|
0-0: Called Strike 0-1: Ball 1-1: Ball 2-1: Swinging Strike 2-2: Ball 3-2: SOLO HOME RUN (Flyball, 7D), Distance : 376 ft
|
Batting: RHB Edgardo Hernández
|
0-0: SINGLE (Line Drive, 7S)
|
Batting: RHB Lyle Jackson
|
0-0: Fly out, F8 (Flyball, 89D)
|
Batting: LHB Will O'Dell
|
0-0: Ball Edgardo Hernández is caught stealing 2nd base 1-0: Ball 2-0: Ball 3-0: Base on Balls
|
Batting: RHB José Casillán
|
0-0: Ball 1-0: Called Strike 1-1: Foul Ball, location: 2F 1-2: Strikes out swinging
|
Top of the 6th over - 1 run, 2 hits, 0 errors, 1 left on base; Newark 5 - Buffalo 5 |
BOTTOM OF THE 6TH |
Buffalo LightSabres batting - Pitching for Newark Bulldogs : LHP Kent Smith
|
Batting: LHB Sergio Luna
|
0-0: Ball 1-0: Foul Ball, location: 2F 1-1: DOUBLE (Flyball, 8RD)
|
Batting: LHB Emílio Montoya
|
0-0: Ball 1-0: Ground out 5-3 (Groundball, 56)
|
Batting: LHB Júlio Córdova
|
0-0: Called Strike 0-1: Ball 1-1: Swinging Strike 1-2: Ball 2-2: Strikes out swinging
|
Batting: RHB Júlio López
|
0-0: Foul Ball, location: 2F 0-1: Ball 1-1: Foul Ball, location: 2F 1-2: Foul Ball, location: 2F 1-2: Ball 2-2: Strikes out swinging
|
Bottom of the 6th over - 0 runs, 1 hit, 0 errors, 1 left on base; Newark 5 - Buffalo 5 |
TOP OF THE 7TH |
Newark Bulldogs batting - Pitching for Buffalo LightSabres : RHP Dylan Versluis
|
Batting: LHB Carl Hayden
|
0-0: Called Strike 0-1: Foul Ball, location: 2F 0-2: Foul Ball, location: 2F 0-2: Foul Ball, location: 2F 0-2: Ball 1-2: Strikes out swinging
|
Batting: RHB Jesús Solís
|
0-0: Ball 1-0: Ball 2-0: Called Strike 2-1: Foul Ball, location: 2F 2-2: SINGLE (Flyball, 78S)
|
Batting: LHB Jorge Hernández
|
0-0: Ball 1-0: Foul Ball, location: 2F 1-1: Fly out, F9 (Flyball, 9S)
|
Batting: RHB Ben Kearley
|
0-0: Foul Ball, location: 2F 0-1: Called Strike 0-2: Foul Ball, location: 2F 0-2: Strikes out swinging
|
Top of the 7th over - 0 runs, 1 hit, 0 errors, 1 left on base; Newark 5 - Buffalo 5 |
BOTTOM OF THE 7TH |
Buffalo LightSabres batting - Pitching for Newark Bulldogs : LHP Kent Smith
|
Pitching: LHP Josh Wall
|
|
Batting: RHB Augusto Padilla
|
0-0: Ball 1-0: Ball 2-0: Foul Ball, location: 2F 2-1: Fly out, F4 (Flyball, 4D)
|
Batting: RHB Peter Dixon
|
0-0: Swinging Strike 0-1: Foul Ball, location: 2F 0-2: SINGLE (Groundball, 4MD)
|
Batting: RHB Pat McDonald
|
0-0: Ball 1-0: SINGLE (Flyball, 7S) Peter Dixon to second
|
Batting: LHB Tim Griffith
|
0-0: Ball 1-0: Grounds into double play, 4-6-3 (Groundball, 4)
|
Bottom of the 7th over - 0 runs, 2 hits, 0 errors, 1 left on base; Newark 5 - Buffalo 5 |
TOP OF THE 8TH |
Newark Bulldogs batting - Pitching for Buffalo LightSabres : RHP Dylan Versluis
|
Batting: RHB Francisco Domínguez
|
0-0: Foul Ball, location: 2F 0-1: SINGLE (Groundball, 56D)
|
Pinch Hitting: RHB Denver Baker
|
0-0: Ball 1-0: Ball 2-0: Called Strike 2-1: Fly out, F8 (Flyball, 8RD)
|
Pinch Hitting: RHB Aaron Washington
|
0-0: Fly out, F8 (Flyball, 8RXD) Runner from 1st tags up, SAFE at 2nd
|
Batting: LHB Will O'Dell
|
0-0: Called Strike
|
|
|
|
0-1: Swinging Strike 0-2: Foul Ball, location: 2F 0-2: Foul Ball, location: 2F 0-2: Foul Ball, location: 2F 0-2: Ball 1-2: Foul Ball, location: 2F 1-2: Ball 2-2: Ball 3-2: DOUBLE (Line Drive, 9LM) Francisco Domínguez scores
|
Pinch Hitting: LHB Ángel Tuzzi
|
0-0: Ball 1-0: DOUBLE (Line Drive, 7LM) Will O'Dell scores
|
Batting: LHB Carl Hayden
|
0-0: Called Strike 0-1: Ball 1-1: Ball 2-1: Ball 3-1: Base on Balls
|
Batting: RHB Jesús Solís
|
0-0: Ball 1-0: Fly out, F4 (Popup, 34D)
|
Top of the 8th over - 2 runs, 3 hits, 0 errors, 2 left on base; Newark 7 - Buffalo 5 |
BOTTOM OF THE 8TH |
Buffalo LightSabres batting - Pitching for Newark Bulldogs : LHP Josh Wall
|
Now at SS: Aaron Washington
|
|
Now in CF: Ángel Tuzzi
|
|
Now in RF: Denver Baker
|
|
Batting: RHB Sean King
|
0-0: Swinging Strike 0-1: Ball 1-1: Ball 2-1: Ball 3-1: Swinging Strike 3-2: Base on Balls
|
Batting: LHB Sergio Luna
|
0-0: DOUBLE (Line Drive, 7LD) Sean King to third
|
Pitching: RHP Denver Gallegos
|
|
Pinch Hitting: LHB Rob Davidson
|
0-0: Ball 1-0: Ball 2-0: Ball 3-0: Base on Balls
|
Batting: LHB Júlio Córdova
|
0-0: Foul Ball, location: 2F 0-1: Called Strike 0-2: Fly out, F8 (Flyball, 89S) Runner from 3rd tags up, SCORES, throw made
|
Batting: RHB Júlio López
|
0-0: Called Strike 0-1: Ball 1-1: Ball Wild Pitch! Sergio Luna to third Rob Davidson to second 2-1: Swinging Strike 2-2: Foul Ball, location: 2F 2-2: Ground out 6-3 (Groundball, 6)
|
Batting: RHB Augusto Padilla
|
0-0: Ball 1-0: Called Strike 1-1: Foul Ball, location: 2F 1-2: Ball Error on foul ball, E9 2-2: Fly out, F9 (Flyball, 89D)
|
Bottom of the 8th over - 1 run, 1 hit, 1 error, 2 left on base; Newark 7 - Buffalo 6 |
TOP OF THE 9TH |
Newark Bulldogs batting - Pitching for Buffalo LightSabres : RHP Dylan Versluis
|
Now in RF: Rob Davidson
|
|
Batting: LHB Jorge Hernández
|
0-0: Ball 1-0: Called Strike 1-1: Foul Ball, location: 2F 1-2: SINGLE (Groundball, 34D)
|
Batting: RHB Ben Kearley
|
0-0: Called Strike Jorge Hernández steals 2nd base 0-1: Fly out, F9 (Flyball, 9) Runner from 2nd tags up, SAFE at 3rd with throw
|
Pitching: LHP Tom Workman
|
|
Batting: RHB Francisco Domínguez
|
0-0: Fly out, F8 (Flyball, 8LM) Runner from 3rd tags up, SCORES, no throw
|
Batting: RHB Denver Baker
|
0-0: Called Strike 0-1: Ball 1-1: Ball 2-1: Ground out 5-3 (Groundball, 56S)
|
Top of the 9th over - 1 run, 1 hit, 0 errors, 0 left on base; Newark 8 - Buffalo 6 |
BOTTOM OF THE 9TH |
Buffalo LightSabres batting - Pitching for Newark Bulldogs : RHP Denver Gallegos
|
Pitching: RHP Bart Brown
|
|
Batting: RHB Peter Dixon
|
0-0: Called Strike 0-1: Foul Ball, location: 2F 0-2: Ball 1-2: Ground out 4-3 (Groundball, 4)
|
Batting: RHB Pat McDonald
|
0-0: Ball 1-0: Fly out, F2 (Popup, 23F)
|
Batting: LHB Tim Griffith
|
0-0: Foul Ball, location: 2F 0-1: Swinging Strike 0-2: Ball 1-2: Ball 2-2: Foul Ball, location: 2F 2-2: Strikes out swinging
|
Bottom of the 9th over - 0 runs, 0 hits, 0 errors, 0 left on base; Newark 8 - Buffalo 6 |
|
Saturday, April 7th, 2018 - OOTP Baseball 18.8 Build 76
|
|